 Dungeon Crawl Stone Soup version 0.16.0-16-g311141a (webtiles) character file.

173663 wojtek the Spry (level 18, 0/120 HPs)
             Began as a Kobold Assassin on Mar 18, 2015.
             Was the Champion of Makhleb.
             Shot with a sling bullet by a satyr (29 damage)
             ... on level 4 of the Shoals on Mar 19, 2015.
             The game lasted 02:50:34 (57612 turns).

wojtek the Spry (Kobold Assassin)                  Turns: 57612, Time: 02:50:35

Health: 0/120      AC: 14    Str: 17    XL:     18   Next: 70%
Magic:  28/28      EV: 31    Int: 18    God:    Makhleb [******]
Gold:   2128       SH:  9    Dex: 19    Spells: 1 memorised, 15 levels left

rFire  . . .     SeeInvis .     a - +2 short sword (elec)
rCold  + + .     Clarity  +     X - +1 leather armour {rC+}
rNeg   . . .     SustAb   .     T - +2 buckler {rC+}
rPois  +         Gourm    .     V - +1 helmet {Int+3}
rElec  .         Spirit   .     i - +1 cloak {+Inv}
rCorr  .         Warding  .     Y - +2 pair of gloves {Str+3}
rMut   .         Stasis   .     (no boots)
MR     +....                    f - amulet of clarity
Stlth  +++.......               r - ring of poison resistance
                                I - +4 ring of strength

@: somewhat resistant to hostile enchantments, fairly stealthy
A: berserk 1, carnivore 3
a: Minor Destruction, Lesser Servant of Makhleb, Major Destruction, Greater
Servant of Makhleb, Renounce Religion, Evoke Invisibility


You were on level 4 of the Shoals.
You worshipped Makhleb.
Makhleb was exalted by your worship.
You were completely stuffed.

You visited 6 branches of the dungeon, and saw 36 of its levels.
You also visited: Labyrinth.

You collected 3328 gold pieces.
You spent 1200 gold pieces at shops.

Inventory:

Hand weapons
 a - a +2 short sword of electrocution (weapon)
 b - a +0 blowgun
 q - a +1 short sword of flaming
 P - a +2 demon trident of venom
Missiles
 e - 106 poisoned needles
 U - 13 throwing nets (quivered)
Armour
 i - a +1 cloak of invisibility (worn)
 A - the +0 leather armour "Ghoqiqus" {rC+ Str+6 Int+3 Dex-4}
   (You found it on level 14 of the Dungeon)

   It affects your strength (+6).
   It affects your intelligence (+3).
   It affects your dexterity (-4).
   It protects you from cold.
 M - a +0 troll leather armour
 T - a +2 buckler of cold resistance (worn)
 V - a +1 helmet of intelligence (worn)
 X - a +1 leather armour of cold resistance (worn)
 Y - a +2 pair of gloves of strength (worn)
Rods
 j - a +4 rod of the swarm (14/14)
   (You found it in a labyrinth)
 B - a +3 rod of clouds (9/9)
   (You took it off a minotaur in a labyrinth)
Jewellery
 c - an uncursed amulet of resist mutation
 f - an amulet of clarity (around neck)
 h - an uncursed ring of ice {unknown}
 r - a ring of poison resistance (right hand)
 y - an uncursed ring of protection from cold
 I - a +4 ring of strength (left hand)
 L - an uncursed ring of fire
Magical devices
 d - a wand of cold (10)
 n - a wand of lightning (5)
 u - a wand of teleportation (5)
 E - a wand of fireball (5)
 N - a wand of hasting (6)
 R - a wand of disintegration (2)
 W - a wand of digging (4)
Scrolls
 k - 23 scrolls of remove curse
 o - a scroll of vulnerability
 p - 6 scrolls of blinking
 s - 10 scrolls of teleportation
 v - 3 scrolls of magic mapping {unknown}
 w - 2 scrolls of fog
 x - 3 scrolls of fear
 D - a scroll of silence
 F - 5 scrolls of enchant weapon {unknown}
 J - 2 scrolls of holy word
 K - a scroll of brand weapon
 Z - 3 scrolls of recharging
Potions
 l - a potion of heal wounds
 m - 7 potions of haste
 t - a potion of ambrosia
 z - 7 potions of curing
 C - 2 potions of flight
 G - 4 potions of agility
 H - 2 potions of berserk rage
 O - a potion of might
 Q - a potion of lignification
 S - 2 potions of cancellation
Comestibles
 g - 19 meat rations


   Skills:
 + Level 15.6 Fighting
 + Level 17.0 Short Blades
 - Level 2.6 Throwing
 + Level 11.3 Armour
 + Level 18.7 Dodging
 - Level 5.3 Stealth
 * Level 6.0 Shields
   Level 6.6 Necromancy
 - Level 5.4 Translocations
 - Level 7.3 Invocations
 - Level 6.3 Evocations


You had 15 spell levels left.
You knew the following spells:

 Your Spells              Type           Power        Failure   Level  Hunger
b - Blink                 Tloc           N/A          6%          2    ###....


Dungeon Overview and Level Annotations

Branches:
Dungeon (15/15)            Temple (1/1) D:5            Lair (8/8) D:9
 Shoals (4/5) Lair:4        Snake (4/5) Lair:6        Slime (0/6) Lair:7
    Orc (4/4) D:12            Elf (0/3) Orc:3        Depths (0/5) D:15
 Vaults: D:13-14

Altars:
Ashenzari
Cheibriados
Dithmenos
Elyvilon
Fedhas
Gozag
Kikubaaqudgha
Makhleb
Nemelex Xobeh
Okawaru
Qazlal
Ru
Sif Muna
Trog
Vehumet
Xom
Yredelemnul
Zin
The Shining One
Beogh

Shops:
D:5 }?([?   D:12 [   D:13 (   Orc:3 }   Orc:4 =([%*

Annotations:
D:11 water
D:14 1 exclusion
Lair:1 exclusion: hydra
Lair:6 exclusion: ice statue


Innate Abilities, Weirdness & Mutations

You are small and have problems with some larger weapons.
You are carnivorous and can eat meat at any time.
You tend to lose your temper in combat.


Message History

Your Executioner barely misses the satyr.
Your Executioner closely misses the satyr.
Your Executioner hits the satyr but does no damage.
The faun shoots a stone.
The stone barely misses your Executioner.
The stone completely misses you.
The stone hits the plant!!
You hear a splash.
Your Executioner hits the satyr! Your Executioner hits the satyr.
Your Executioner hits the satyr.
The satyr shoots a sling bullet.
The sling bullet hits your Executioner!!
The faun shoots a stone.
The stone hits your Executioner but does no damage.
You feel yourself speed up.
Your Executioner gestures.
Your Executioner seems to speed up.
Your Executioner hits the satyr! Your Executioner hits the satyr.
Your Executioner hits the satyr.
The satyr shoots a sling bullet.
The sling bullet barely misses your Executioner.
The sling bullet hits you!!
You die...

≈≈≈≈........)....>.≈≈≈≈≈≈≈.
≈≈≈..........≈≈..≈≈≈≈≈≈≈≈≈.
≈..###>.....≈≈.≈≈≈(≈≈≈≈..≈.
≈.. #.>.......≈≈≈(≈≈≈≈..≈≈
... #......##.≈≈≈≈≈≈≈≈≈..≈
. ....#####...≈≈.?(PP≈≈≈≈
......##.##...≈...PPP≈≈≈
≈..........≈.≈≈P≈PP≈≈≈≈
..≈≈≈≈...≈c1@(≈PPP≈≈≈≈
.≈≈≈....≈c#####P≈≈≈≈≈
.≈≈..P....# #.≈≈≈
≈≈≈.#P.cP.. .≈ ≈ ≈≈P
##....... ≈ .P.PP...<≈
.PP.P.P... ≈P#.P≈≈≈.
≈≈PP...≈≈


You could see a satyr, a faun (roused) and a friendly Executioner.

Vanquished Creatures
  Polyphemus (Shoals:3)
  Rupert (D:15)
  A fire giant (D:15)
  Donald (Snake:1)
  The ghost of Scytalen the Hand of Fortune, a mighty TeAE of Nemelex Xobeh (Shoals:1)
  Louise (D:15)
  A greater naga (Snake:4)
  Snorg (D:15)
  A minotaur (Lab)
  2 merfolk impalers
  10 hydras
  10 naga warriors
  Erica (D:11)
  6 merfolk aquamancers (Shoals:2)
  A catoblepas (Shoals:3)
  3 centaur warriors
  5 anacondas
  19 death yaks
  3 tengu warriors
  3 shock serpents
  5 naga sharpshooters
  Nergalle (D:10)
  An orc high priest (Orc:4)
  A salamander mystic (Snake:2)
  2 unseen horrors
  10 sea snakes
  3 naga ritualists
  2 wizards (D:12)
  4 hill giants
  4 orc knights
  2 ugly things
  5 cyclopes
  4 mana vipers
  3 orc sorcerers (Orc:4)
  7 salamanders
  10 manticores
  3 griffons
  7 fauns
  24 black mambas
  6 elephants (Lair:4)
  5 water nymphs
  Maurice (D:10)
  Joseph (D:12)
  3 sirens
  7 naga magi
  A smoke demon (Lair:6)
  2 gargoyles (D:15)
  3 torpor snails
  2 guardian serpents (Snake:4)
  10 spiny frogs
  4 fire drakes
  A yaktaur (D:15)
  5 komodo dragons
  A spriggan druid (Lair:8)
  An efreet (D:15)
  2 wind drakes (Shoals:1)
  16 blink frogs
  10 trolls
  2 two-headed ogres
  A freezing wraith (D:15)
  10 merfolk
  7 polar bears
  4 ravens
  A snapping turtle (Shoals:1)
  24 slime creatures
  A boulder beetle (Orc:1)
  2 basilisks
  2 shadows
  3 redbacks (Lair:8)
  12 spriggans (Lair:8)
  3 hungry ghosts
  A ynoxinul (Orc:4)
  10 water elementals
  3 wraiths
  3 deep elf magi
  A wyvern (D:14)
  58 yaks
  A steam dragon (Lair:7)
  8 hippogriffs
  3 vampire mosquitoes (D:13)
  A fire elemental (D:12)
  A mottled dragon (D:15)
  28 wolves
  2 wargs
  Edmund (D:8)
  Menkaure (D:5)
  10 porcupines
  38 nagas
  24 water moccasins
  2 eyes of draining (D:5)
  14 black bears
  3 phantoms
  4 wasps
  33 orc warriors
  2 sky beasts
  13 ice beasts
  12 ogres
  12 centaurs
  A big kobold (D:14)
  Sigmund (D:5)
  19 giant frogs
  A brain worm (D:13)
  Blork the orc (D:4)
  13 crocodiles
  2 wyvern zombies
  9 scorpions
  3 wyvern skeletons
  4 jellies
  19 killer bees
  10 electric eels
  The ghost of BLOAX the Insei, a weakling TeMo (D:4)
  A giant frog zombie (D:9)
  39 orc priests
  A wasp zombie (D:11)
  A gnoll shaman (D:4)
  2 goliath beetles
  10 hounds
  A quasit (D:8)
  7 crimson imps
  3 centaur zombies
  Crazy Yiuf (D:5)
  2 centaur skeletons
  10 iguanas
  40 orc wizards
  A spectral orc (D:10)
  18 sheep
  13 worker ants
  A killer bee zombie (D:5)
  Ijyb (D:4)
  Jessica (D:3)
  A hound skeleton (D:5)
  A worker ant zombie (D:6)
  8 gnolls
  35 adders
  4 shadow imps
  55 river rats
  2 giant mites
  A white imp (Lair:6)
  3 worms (D:2)
  2 adder zombies
  3 adder skeletons
  8 giant geckos
  2 oozes
  204 orcs
  14 bats
  A bat skeleton (D:4)
  2 bat zombies (D:7)
  22 goblins
  19 hobgoblins
  22 jackals
  22 kobolds
  18 quokkas
  3 ball pythons
  5 giant cockroaches
  A giant gecko skeleton (D:6)
  12 giant newts
  A giant spore (D:10)
  An orc skeleton (Orc:4)
  4 orc zombies
  A quokka zombie (D:5)
  26 rats
  14 ballistomycetes
  A plant (Lair:8)
1367 creatures vanquished.

Vanquished Creatures (collateral kills)
  Saint Roka (Orc:4)
  Wiglaf (Snake:4)
  An ice dragon (Lair:6)
  Harold (Lair:6)
  2 merfolk avatars
  2 death yaks
  An unseen horror (D:11)
  A hill giant (D:11)
  A griffon (Shoals:4)
  An orc sorcerer (Orc:4)
  3 oklob plants (Lair:7)
  2 black mambas
  A torpor snail (Lair:7)
  A naga mage (Snake:4)
  2 spiny frogs
  A centaur skeleton (D:11)
  A merfolk (Shoals:3)
  A polar bear (Lair:4)
  A basilisk (Lair:6)
  A water elemental (Shoals:3)
  6 yaks
  3 wolves (Lair:6)
  A naga (Snake:1)
  2 orc warriors (Orc:4)
  A porcupine (Lair:2)
  3 water moccasins
  A giant frog (Lair:7)
  2 electric eels (Lair:2)
  2 hounds
  2 giant frog skeletons
  7 sheep
  A mummy (D:11)
  An adder (Lair:6)
  10 river rats
  A white imp (Lair:6)
  3 orcs (Orc:4)
  A quokka (Lair:6)
  4 ball pythons (Lair:6)
  A kobold (D:10)
78 creatures vanquished.

Vanquished Creatures (others)
  An Executioner (Orc:4)
  2 balrugs
  A green death (Shoals:4)
  11 drowned souls
  2 orange demons
  5 smoke demons
  A hellwing (Lair:6)
  A ynoxinul (Lair:7)
  A neqoxec (Lair:2)
  An adder (D:9)
  16 ufetubi
  An orc (Orc:1)
  A hobgoblin (D:10)
  6 giant spores
  7 fungi
  6 plants
63 creatures vanquished.

Grand Total: 1508 creatures vanquished

Notes
Turn   | Place    | Note
--------------------------------------------------------------
     0 | D:1      | wojtek, the Kobold Assassin, began the quest for the Orb.
     0 | D:1      | Reached XP level 1. HP: 12/12 MP: 1/1
   216 | D:1      | Reached XP level 2. HP: 14/17 MP: 2/2
   529 | D:1      | Reached XP level 3. HP: 21/21 MP: 3/3
  1012 | D:2      | Reached skill level 5 in Short Blades
  1238 | D:2      | Reached XP level 4. HP: 18/26 MP: 4/4
  1395 | D:2      | Reached skill level 6 in Short Blades
  1491 | D:2      | Reached XP level 5. HP: 20/30 MP: 5/5
  2324 | D:3      | Reached skill level 7 in Short Blades
  2698 | D:3      | Reached XP level 6. HP: 16/35 MP: 6/6
  3026 | D:3      | Reached skill level 8 in Short Blades
  3353 | D:3      | Found a basalt altar of Yredelemnul.
  3358 | D:3      | Noticed Jessica
  3367 | D:3      | Killed Jessica
  3621 | D:4      | Reached skill level 9 in Short Blades
  3721 | D:4      | Reached XP level 7. HP: 28/40 MP: 7/7
  4370 | D:4      | Noticed Ijyb
  4380 | D:4      | Killed Ijyb
  4502 | D:4      | Noticed Blork the orc
  4661 | D:4      | Found an iron altar of Okawaru.
  4662 | D:4      | Found a stormy altar of Qazlal.
  4733 | D:4      | Noticed BLOAX's ghost (weakling TeMo)
  4774 | D:4      | Killed BLOAX's ghost
  5006 | D:4      | Killed Blork the orc
  5020 | D:5      | Entered Level 5 of the Dungeon
  5027 | D:5      | Found Frenil's Magic Scroll Shop.
  5034 | D:5      | Bought a scroll of teleportation for 45 gold pieces
  5034 | D:5      | Bought a scroll of identify for 30 gold pieces
  5047 | D:5      | Found Pleth's Antique Armour Emporium.
  5054 | D:5      | Found a staircase to the Ecumenical Temple.
  5069 | D:5      | Reached XP level 8. HP: 25/48 MP: 8/8
  5087 | Temple   | Entered the Ecumenical Temple
  5398 | D:5      | Found Frajeqas' Magic Scroll Shop.
  5407 | D:5      | Found a burning altar of Makhleb.
  5410 | D:5      | Noticed Menkaure
  5483 | D:5      | Killed Menkaure
  5483 | D:5      | Reached skill level 5 in Fighting
  5483 | D:5      | Reached skill level 5 in Dodging
  5489 | D:5      | Became a worshipper of Makhleb the Destroyer
  5704 | D:5      | Noticed Sigmund
  5743 | D:5      | Found a bloodstained altar of Trog.
  5754 | D:5      | Reached skill level 1 in Invocations
  5784 | D:5      | Found Khigeic's Gadget Shop.
  6214 | D:5      | Killed Sigmund
  6325 | D:5      | Found Aredghyadd's Weapon Emporium.
  6371 | D:5      | Noticed Crazy Yiuf
  6466 | D:5      | Killed Crazy Yiuf
  6737 | D:6      | Acquired Makhleb's first power
  6737 | D:6      | Reached XP level 9. HP: 39/55 MP: 13/13
  7528 | D:6      | Found a snail-covered altar of Cheibriados.
  7735 | D:6      | Found a radiant altar of Vehumet.
  7736 | D:6      | Found a glowing silver altar of Zin.
  7883 | D:6      | Acquired Makhleb's second power
  8648 | D:5      | Found Frajeqas' Magic Scroll Shop.
  8650 | D:5      | Found a burning altar of Makhleb.
  8673 | D:5      | Found a staircase to the Ecumenical Temple.
  8688 | D:5      | Found Pleth's Antique Armour Emporium.
  8692 | D:5      | Found Frenil's Magic Scroll Shop.
  8810 | D:5      | Found Aredghyadd's Weapon Emporium.
  8839 | D:5      | Found a bloodstained altar of Trog.
  8868 | D:5      | Found Khigeic's Gadget Shop.
  8967 | D:5      | Reached skill level 5 in Invocations
  9224 | D:5      | Bought a scroll of blinking for 105 gold pieces
  9224 | D:5      | Bought a scroll of remove curse for 42 gold pieces
  9390 | D:7      | Reached skill level 1 in Armour
  9545 | D:7      | Acquired Makhleb's third power
  9825 | D:7      | Reached XP level 10. HP: 62/64 MP: 18/18
 10675 | D:8      | Acquired Makhleb's fourth power
 10713 | D:8      | Noticed Edmund
 10737 | D:8      | Killed Edmund
 11021 | D:9      | Found a staircase to the Lair.
 12183 | D:9      | Found a deep blue altar of Sif Muna.
 12703 | Lair:1   | Entered Level 1 of the Lair of Beasts
 12703 | Lair:1   | Noticed a spiny frog
 12723 | Lair:1   | Killed a spiny frog
 13255 | Lair:1   | Acquired Makhleb's fifth power
 13359 | Lair:1   | Reached XP level 11. HP: 69/69 MP: 22/22
 13374 | Lair:1   | Noticed a spiny frog
 13388 | Lair:1   | Killed a spiny frog
 13388 | Lair:1   | Reached skill level 10 in Dodging
 13547 | Lair:1   | Noticed an eight-headed hydra
 13635 | Lair:1   | You fall through a shaft!
 13892 | Lair:2   | Reached skill level 11 in Dodging
 14279 | Lair:2   | Noticed a four-headed hydra
 14859 | Lair:2   | Reached skill level 12 in Dodging
 15653 | Lair:2   | Killed a four-headed hydra
 15665 | Lair:2   | Reached skill level 13 in Dodging
 17132 | Lair:3   | Got a pitted quarterstaff
 17591 | Lair:4   | Found a staircase to the Shoals.
 17632 | Lair:4   | Reached XP level 12. HP: 64/76 MP: 23/23
 17724 | Lair:4   | Reached skill level 14 in Dodging
 17770 | Lair:4   | Noticed a six-headed hydra
 17775 | Lair:4   | Killed a six-headed hydra
 17775 | Lair:4   | Reached skill level 10 in Short Blades
 18068 | Lair:4   | Reached skill level 5 in Armour
 18739 | Lair:5   | Reached skill level 10 in Fighting
 19900 | Lair:5   | Noticed a death yak
 19909 | Lair:5   | Noticed a death yak
 19924 | Lair:5   | Killed a death yak
 19938 | Lair:5   | Killed a death yak
 20674 | Lair:6   | Noticed Harold
 20736 | Lair:6   | Killed Harold
 20736 | Lair:6   | Reached XP level 13. HP: 73/83 MP: 21/24
 20879 | Lair:6   | Noticed an ice dragon
 20897 | Lair:6   | Killed an ice dragon
 21078 | Lair:6   | Found a staircase to the Snake Pit.
 21089 | Lair:6   | Reached skill level 15 in Dodging
 21143 | Lair:6   | Noticed a death yak
 21817 | Lair:6   | Noticed a six-headed hydra
 22041 | Lair:6   | Noticed a death yak
 22067 | Lair:6   | Killed a death yak
 22381 | Lair:6   | Found a staircase to the Snake Pit.
 22732 | Lair:6   | Killed a death yak
 23436 | Lair:6   | Killed a six-headed hydra
 24200 | Lair:2   | Identified the +3 quarterstaff of Graos {flame, Int+4} (You found it on level 3 of the Lair of Beasts)
 24264 | D:10     | Entered Level 10 of the Dungeon
 24373 | D:10     | Noticed Maurice
 24379 | D:10     | Killed Maurice
 24970 | D:10     | Reached XP level 14. HP: 89/91 MP: 25/25
 25215 | D:10     | Noticed Nergalle
 25272 | D:10     | Killed Nergalle
 25596 | D:11     | Noticed Erica
 25646 | D:11     | Killed Erica
 25748 | D:11     | Identified the Collected Works on Captivating Damage Dealing
 25757 | D:11     | Learned a level 4 spell: Control Undead
 25783 | D:11     | Reached skill level 1 in Necromancy
 26705 | D:11     | Reached skill level 5 in Necromancy
 27975 | D:12     | Noticed Joseph
 27987 | D:12     | Killed Joseph
 28210 | D:12     | Found Hiejop's Antique Armour Emporium.
 28213 | D:12     | Found a staircase to the Orcish Mines.
 28215 | D:12     | Bought a glowing helmet for 148 gold pieces
 30738 | Orc:1    | Entered Level 1 of the Orcish Mines
 31041 | Orc:1    | Reached skill level 16 in Dodging
 31385 | Orc:2    | Found a shimmering altar of Xom.
 31929 | Orc:3    | Found a staircase to the Elven Halls.
 32379 | Orc:3    | Found Dysem's Gadget Emporium.
 32493 | Orc:4    | Entered Level 4 of the Orcish Mines
 32493 | Orc:4    | Found Trodd's Jewellery Boutique.
 32529 | Orc:4    | Found a roughly hewn altar of Beogh.
 32529 | Orc:4    | Found Duabb's Food Boutique.
 32563 | Orc:4    | HP: 1/92 [orc warrior/trident (16)]
 32969 | Orc:4    | Found a roughly hewn altar of Beogh.
 33592 | Orc:4    | Found a roughly hewn altar of Beogh.
 33592 | Orc:4    | Found Shrafusch's General Store.
 33619 | Orc:4    | Reached XP level 15. HP: 79/97 MP: 25/25
 33728 | Orc:4    | Bought a potion of curing for 48 gold pieces
 33728 | Orc:4    | Bought a wand of teleportation (5) for 432 gold pieces
 33818 | Orc:4    | Paralysed by an orc sorcerer for 5 turns
 34427 | Orc:4    | Noticed Saint Roka
 34441 | Orc:4    | Killed Saint Roka
 34448 | Orc:4    | Found a roughly hewn altar of Beogh.
 34460 | Orc:4    | Found Nuip's Antique Weapon Shoppe.
 34463 | Orc:4    | Found Katiazie's Antique Armour Emporium.
 34470 | Orc:4    | Bought a runed buckler for 130 gold pieces
 34470 | Orc:4    | Bought a pair of runed gloves for 130 gold pieces
 34622 | Orc:4    | Found a roughly hewn altar of Beogh.
 34687 | Orc:4    | Found a roughly hewn altar of Beogh.
 36608 | D:13     | Found Usheets' Antique Weapon Boutique.
 36617 | D:13     | Bought a runed short sword for 90 gold pieces
 36771 | D:13     | Found a burning altar of Makhleb.
 38590 | Lair:7   | Found a staircase to the Slime Pits.
 38955 | Lair:7   | Reached skill level 15 in Short Blades
 38965 | Lair:7   | Reached skill level 17 in Dodging
 39135 | Lair:7   | Reached XP level 16. HP: 95/105 MP: 26/26
 39448 | Lair:8   | Entered Level 8 of the Lair of Beasts
 39480 | Lair:7   | Reached skill level 1 in Evocations
 41119 | Lair:8   | Reached skill level 10 in Armour
 41164 | Snake:1  | Entered Level 1 of the Snake Pit
 41373 | Snake:1  | Reached skill level 5 in Evocations
 42353 | Snake:1  | Noticed Donald
 42441 | Snake:1  | Killed Donald
 42444 | Snake:1  | Got a fine shield
 42500 | Snake:1  | You fall through a shaft!
 43670 | Lair:2   | Identified the +4 shield of Kuwog {-Cast +Blink rElec Regen+ Dex-2} (You took it off Donald on level 1 of the Snake Pit)
 44213 | Snake:2  | Reached XP level 17. HP: 112/112 MP: 27/27
 44741 | Snake:2  | Learned a level 2 spell: Blink
 44746 | Snake:2  | Got a shimmering falchion
 45186 | Lair:2   | Identified the +6 falchion "Suist" {venom, rN+ Str+4 Stlth+} (You found it on level 2 of the Snake Pit)
 45748 | Snake:3  | Reached skill level 1 in Translocations
 46324 | Snake:3  | Reached skill level 18 in Dodging
 47182 | Snake:3  | Reached skill level 1 in Shields
 47968 | Snake:4  | Found a white marble altar of Elyvilon.
 48156 | Snake:4  | Noticed Wiglaf
 48165 | Snake:4  | Killed Wiglaf
 50305 | D:14     | Reached skill level 15 in Fighting
 50386 | D:14     | Got a coiled golden ring
 50621 | D:14     | Found a labyrinth entrance.
 50642 | Lab      | Entered a labyrinth
 51513 | Lab      | Got a bloodstained shortbow
 51513 | Lab      | Identified the Handbook of Earth (You found it in a labyrinth)
 51984 | D:14     | Got a crude leather armour
 52519 | D:15     | Entered Level 15 of the Dungeon
 52533 | D:15     | Noticed Rupert
 52542 | D:15     | Killed Rupert
 52562 | D:15     | Noticed Louise
 52579 | D:15     | Killed Louise
 52654 | D:15     | Identified the +0 leather armour "Ghoqiqus" {rC+ Str+6 Int+3 Dex-4} (You found it on level 14 of the Dungeon)
 52734 | D:15     | Found a staircase to the Depths.
 52757 | D:15     | Noticed Snorg
 52773 | D:15     | Killed Snorg
 53137 | D:15     | Reached XP level 18. HP: 104/119 MP: 28/28
 53937 | Lair:2   | Identified the ring "Himuniwa" {+/*Tele rN+ Str+4 Int+2 Dex-4} (You found it on level 14 of the Dungeon)
 53971 | Lair:2   | Identified a +4 rod of the swarm (14/14) (You found it in a labyrinth)
 53973 | Lair:2   | Identified a +3 rod of clouds (9/9) (You took it off a minotaur in a labyrinth)
 54079 | Shoals:1 | Entered Level 1 of the Shoals
 54597 | Shoals:1 | Noticed Scytalen's ghost (mighty TeAE)
 54910 | Shoals:1 | Killed Scytalen's ghost
 54957 | Shoals:2 | Reached skill level 5 in Translocations
 55460 | Shoals:2 | Reached skill level 5 in Shields
 56049 | Lair:2   | Upgraded the game from 0.16.0-12-g7215832 to 0.16.0-16-g311141a
 56691 | Shoals:3 | Noticed Polyphemus
 56707 | Shoals:3 | Gained mutation: You tend to lose your temper in combat. [a cacodemon]
 57076 | Shoals:3 | Killed Polyphemus
 57612 | Shoals:4 | Shot with a sling bullet by a satyr

Action                   |  1- 3 |  4- 6 |  7- 9 | 10-12 | 13-15 | 16-18 || total
-------------------------+-------+-------+-------+-------+-------+-------++-------
Melee: Dagger            |    78 |   171 |   384 |   798 |  1584 |       ||  3015
       Short sword       |       |       |       |       |   999 |  2119 ||  3118
 Fire: Blowgun           |       |    26 |    23 |    15 |    20 |       ||    84
 Cast: Control Undead    |       |       |       |       |     1 |       ||     1
       Blink             |       |       |       |       |       |     1 ||     1
Invok: Lesser Servant of |       |       |       |    16 |    15 |     1 ||    32
       Minor Destruction |       |       |       |     3 |    46 |    47 ||    96
       Major Destruction |       |       |       |     2 |    14 |     9 ||    25
       Greater Servant o |       |       |       |       |     5 |    13 ||    18
Evoke: Wand              |       |       |       |     2 |     2 |     3 ||     7
       Rod               |       |       |       |       |       |     2 ||     2
  Use: Scroll            |       |       |     5 |     8 |    12 |    16 ||    41
       Potion            |       |       |       |     1 |     3 |     1 ||     5
 Stab: Sleeping          |     6 |    13 |     9 |    19 |    26 |    21 ||    94
       Distracted        |       |       |     5 |     8 |     7 |     7 ||    27
       Fleeing           |       |       |     1 |       |     1 |       ||     2
       Confused          |       |       |       |       |       |     3 ||     3
  Eat: Chunk             |     9 |     8 |    19 |    32 |    71 |    64 ||   203
